 Dungeon Crawl Stone Soup version 0.23-a0-269-g65e0026 (webtiles) character file.

3367 Irenicus the Geomancer (level 9, 0/70 HPs)
             Began as a Deep Dwarf Earth Elementalist on Sept 30, 2018.
             Was an Initiate of Makhleb.
             Slain by an orc warrior
             ... wielding a +0 glaive
              (19 damage)
             ... on level 7 of the Dungeon.
             The game lasted 00:40:25 (4408 turns).

Irenicus the Geomancer (DDEE)                       Turns: 4408, Time: 00:40:27

Health: 0/70       AC: -4    Str: 12    XL:     9   Next: 73%
Magic:  15/16      EV: 12    Int: 19    God:    Makhleb [......]
Gold:   450        SH:  5    Dex: 13    Spells: 8/18 levels left

rFire    . . .     SeeInvis .   g - +1 dagger (protect)
rCold    . . .     Gourm    .   m - +0 buckler
rNeg     + . .     Faith    .   a - +0 leather armour
rPois    .         Spirit   .   (no helmet)
rElec    .         Reflect  .   (no cloak)
rCorr    .         Harm     .   (no gloves)
MR       +....                  (no boots)
Stlth    ++++......             (no amulet)
HPRegen  0.00/turn              l - ring of positive energy {rN+}
MPRegen  0.15/turn              j - ring of wizardry (curse) {Wiz+, !d}

@: about to teleport, corroded, very slightly contaminated, non-regenerating
A: damage resistance, heal wounds, sense surroundings 2, no regeneration
a: Heal Wounds, Renounce Religion


You were on level 7 of the Dungeon.
You worshipped Makhleb.
Makhleb was noncommittal.
You were not hungry.

You visited 2 branches of the dungeon, and saw 9 of its levels.
You also visited: Ossuary.

You collected 450 gold pieces.

Inventory:

Hand Weapons
 g - a +1 dagger of protection (weapon)
   (You found it on level 2 of the Dungeon)
 v - a +0 whip of electrocution
   (You took it off Pikel on level 7 of the Dungeon)
 w - a +0 hand axe of chopping
   (You found it on level 4 of the Dungeon)
Missiles
 b - 115 stones (quivered)
 r - 6 throwing nets {=f, !d}
Armour
 a - a +0 leather armour (worn)
   (You took it off an orc on level 6 of the Dungeon)
 c - a +0 robe
 m - a +0 buckler (worn)
   (You found it on level 3 of the Dungeon)
Jewellery
 f - an uncursed ring of see invisible {sInv, !d}
   (You found it on level 1 of the Dungeon)
 j - a cursed ring of wizardry (right hand) {Wiz+, !d}
   (You found it on level 2 of the Dungeon)
 k - an uncursed ring of protection from fire {rF+, !d}
   (You found it on level 2 of the Dungeon)
 l - a ring of positive energy (left hand) {rN+}
   (You found it on level 3 of the Dungeon)
 t - an uncursed ring of resist corrosion
   (You found it on level 4 of the Dungeon)
Wands
 p - a wand of iceblast (2)
   (You found it on level 3 of the Dungeon)
Scrolls
 e - a scroll of random uselessness {unknown}
 o - 7 scrolls of teleportation
 s - 2 scrolls of identify
 u - 6 scrolls of remove curse
Potions
 h - 7 potions of curing
 i - 2 potions of might
 n - a potion of brilliance
 q - 2 potions of magic
 z - a potion of lignification {!q}
Comestibles
 d - 8 rations
 A - 5 chunks of flesh {@w0}


   Skills:
 - Level 1.1 Fighting
 - Level 1.5 Armour
 - Level 2.1 Dodging
 + Level 8.3 Stealth
 - Level 4.1 Shields
 - Level 5.2 Spellcasting
 - Level 4.5 Transmutations
 + Level 11.1 Earth Magic
 - Level 3.1 Evocations


You had 8 spell levels left.
You knew the following spells:

 Your Spells              Type           Power        Failure   Level  Hunger
a - Sandblast             Erth           #####.       1%          1    None
b - Passwall              Tmut/Erth      ####....     1%          2    #......
c - Stone Arrow           Conj/Erth      ####..       1%          3    ##.....
p - Petrify               Tmut/Erth      ####....     2%          4    ####...

Your spell library contained the following spells:

 Spells                   Type           Power        Failure   Level  Hunger
 Lee's Rapid Deconstruct  Erth           #####.....   1%          5    ######.
 Summon Butterflies       Summ           #.......     6%          1    None
 Summon Guardian Golem    Hex/Summ       #.......     19%         3    ##.....
 Summon Lightning Spire   Summ/Air       #.......     50%         4    ####...
 Summon Forest            Summ/Tloc      #.........   83%         5    ######.
 Malign Gateway           Summ/Tloc      #.........   100%        7    #######


Dungeon Overview and Level Annotations

Branches:
Dungeon (8/15)             Temple (1/1) D:7
   Lair: D:8-11

Altars:
Dithmenos
Elyvilon
Fedhas
Hepliaklqana
Makhleb
Qazlal
Sif Muna
Trog
Uskayaw
Wu Jian

Annotations:
D:7 3 runed doors, Amnesiac's ghost, novice DgTm; coffeespoons's ghost, novice TrMo


Innate Abilities, Weirdness & Mutations

You are resistant to damage.
You can heal yourself by infusing magical energy.
You passively map the area around you.
You do not regenerate.


Message History

You see here 16 gold pieces.
You now have 450 gold pieces (gained 16).
Found a scroll of teleportation.
Found a stone staircase leading down.
You see here a scroll of teleportation.
o - 8 scrolls of teleportation (gained 1)
You see here a scroll labeled ACVEIH FAWOL.
As you read the scroll labeled ACVEIH FAWOL, it crumbles to dust.
A profound silence engulfs you.
It was a scroll of silence.
A hound comes into view.
Okay, then.
Okay, then.
You barely miss the hound. The hound barely misses you. The hound misses you.
You hit the hound but do no damage.
Your weapon exudes an aura of protection.
You are feeling very hungry.
The hound bites you.
You hit the hound. The hound closely misses you.
The hound bites you but does no damage.
You hit the hound. The hound closely misses you.
You hit the hound but do no damage. You block the hound's attack.
The hound closely misses you.
You hit the hound but do no damage. You block the hound's attack.
You miss the hound. The hound barely misses you. The hound closely misses you.
You closely miss the hound. The hound barely misses you.
You closely miss the hound. The hound bites you.
The hound completely misses you.
You take 2 damage, and have 29/70 hp.
You hit the hound. The hound closely misses you.
You cannot cast spells when silenced!
You hit the hound. The hound barely misses you. The hound misses you.
You closely miss the hound.
Your hearing returns.
The hound barely misses you.
You closely miss the hound. The hound bites you but does no damage.
The hound barely misses you.
Aim: a hound (severely wounded)
The blast of sand hits the hound.
You kill the hound!
Makhleb accepts your kill.
Your Stealth skill increases to level 8!
b - 115 stones You now have 15/16 mp.
MP restored: 16 A hippogriff comes into view.
Found a stone staircase leading up and a stone staircase leading down.
Okay, then.
You can't see any susceptible monsters within range! (Use Z to cast anyway.)
Aim: a hippogriff (chance to defeat MR: 58%)
The hippogriff is moving more slowly.
You now have 12/16 mp.
The hippogriff stops moving altogether!
The helpless hippogriff fails to defend itself.
You impale the hippogriff!!
Your weapon exudes an aura of protection.
The helpless hippogriff fails to defend itself.
You impale the hippogriff!!
The helpless hippogriff fails to defend itself.
You impale the hippogriff!!
You kill the hippogriff!
Makhleb accepts your kill.
Your Earth Magic skill increases to level 11!
You see here a hippogriff corpse.
You butcher the hippogriff corpse.
Things that are here:
6 chunks of flesh {@w0}; a hippogriff skeleton Eating one of 6 chunks of flesh {@w0}.
You eat one of the 6 chunks of flesh {@w0}.
A - 5 chunks of flesh {@w0}
Found a stone staircase leading up.
There is a stone staircase leading up here.
You climb upwards.
Level annotation: 3 runed doors, Amnesiac's ghost, novice DgTm; coffeespoons's The orc warrior shouts!
An orc warrior and a rust devil come into view.
The orc warrior shouts!
The rust devil screeches!
You hear a screech!
A rust devil comes into view.
The orc warrior hits you from afar with a glaive!!
* * * LOW HITPOINT WARNING * * *
The rust devil hits you!
* * * LOW HITPOINT WARNING * * *
The rust devil corrodes you!
There is a stone staircase leading down, spattered with blood here.
You take 26 damage, and have 3/70 hp.
MASSIVE DAMAGE!!
Unknown command.
Really read
x - a scroll of blinking {!r}? [Y]es or [N]o only, please.
Really read
x - a scroll of blinking {!r}? [Y]es or [N]o only, please.
Really read
x - a scroll of blinking {!r}?
Blink to where?
You are very lightly contaminated with residual magic.
As you read the scroll of blinking {!r}, it crumbles to dust.
As you read the scroll of teleportation, it crumbles to dust.
You feel strangely unstable.
Okay, then.
You fail to use your ability.
You feel much better. You block the orc warrior's attack.
The rust devil hits you. The rust devil corrodes you!
The orc warrior hits you from afar with a glaive!!
You die...

#* #. #..##......#.#.......#..# #
#.##....................^..# #
#.#.........#...#.#.#.#.#..#
#......###...#............##
#....###[###.......###..####
###.#.##)#'#)##......# ##..###
####.#...#♣.....♣#......####...##
........##.......##............#
........#>...8o4@∩#..#....)...##
#####...##....o..##..#####....#
##...#♣...4.♣#...# *##..# #
##..##)#'#)##...# ##..## ##
#...###[###...## ##.p..## .##
#.....###.....# #......# ..###
##........)..## ##.####..
#...######.........# ###.## #..
##.....##########(.####..## ##.


You could see 2 rust devils and 2 orc warriors.

Vanquished Creatures
  Harold (D:7)
  Pikel (D:7)
  A hippogriff (D:8)
  Menkaure (D:7)
  Duvessa (D:7)
  An orc warrior (D:6)
  A sky beast (D:7)
  A phantom (D:7)
  A centaur (D:6)
  A big kobold (D:5)
  A bullfrog (D:7)
  Dowan (D:7)
  3 water moccasin zombies (Ossuary)
  A scorpion (D:5)
  A howler monkey (D:6)
  2 crimson imps
  A bullfrog zombie (D:5)
  A human zombie (D:5)
  A quasit (D:6)
  3 hounds
  2 jellies
  4 orc priests (D:6)
  2 centaur skeletons (D:6)
  A bullfrog skeleton (D:6)
  An iguana (D:5)
  Terence (D:2)
  Natasha (thrice) (D:3)
  3 worker ants
  3 orc wizards
  3 big kobold zombies (Ossuary)
  A hound skeleton (D:6)
  2 mummies (Ossuary)
  3 gnolls (D:6)
  6 adders
  3 oozes
  An adder skeleton (D:7)
  6 adder zombies (Ossuary)
  A worm (D:5)
  A dart slug (D:2)
  2 leopard geckos
  6 orcs
  4 bats
  5 giant cockroaches
  2 goblins (D:2)
  7 hobgoblins
  6 jackals
  A quokka (D:7)
  A ball python (D:2)
  4 frilled lizards
  3 gnoll zombies
  7 hobgoblin zombies (Ossuary)
  10 kobolds
  4 kobold zombies (Ossuary)
  5 orc zombies (Ossuary)
  A rat (D:3)
  A fungus (D:3)
141 creatures vanquished.

Vanquished Creatures (others)
  6 withered plants (D:7)
6 creatures vanquished.

Grand Total: 147 creatures vanquished

Notes
Turn   | Place    | Note
-------+----------+-------------------------------------------
     0 | D:1      | Irenicus the Deep Dwarf Earth Elementalist began the quest
                  | for the Orb.
     0 | D:1      | Reached XP level 1. HP: 15/15 MP: 3/3
   505 | D:2      | Reached skill level 2 in Spellcasting
   505 | D:2      | Reached XP level 2. HP: 16/22 MP: 3/5
   549 | D:2      | Reached skill level 5 in Earth Magic
   595 | D:2      | Reached XP level 3. HP: 16/28 MP: 4/6
   677 | D:2      | Noticed Terence
   687 | D:2      | Killed Terence
   690 | D:2      | Reached XP level 4. HP: 4/36 MP: 1/7
   726 | D:2      | Reached skill level 6 in Earth Magic
   956 | D:3      | Noticed Natasha
   964 | D:3      | Killed Natasha
   968 | D:3      | Noticed Natasha
   978 | D:3      | Killed Natasha
   978 | D:3      | Reached XP level 5. HP: 5/42 MP: 5/9
  1147 | D:3      | Noticed Natasha
  1152 | D:3      | Killed Natasha
  1152 | D:3      | Reached skill level 3 in Spellcasting
  1249 | D:3      | Learned a level 2 spell: Passwall
  1254 | D:3      | Learned a level 4 spell: Petrify
  1450 | D:4      | Identified Ruiruas's Handbook of Companions
  1456 | D:4      | Learned a level 3 spell: Stone Arrow
  1801 | D:5      | Entered Level 5 of the Dungeon
  1809 | D:5      | Reached skill level 7 in Earth Magic
  1825 | D:5      | Found a sand-covered staircase.
  1864 | Ossuary  | Entered an ossuary
  1880 | Ossuary  | HP: 7/42 [arrow trap (5)]
  1893 | Ossuary  | Reached XP level 6. HP: 29/49 MP: 0/11
  1931 | Ossuary  | Reached skill level 8 in Earth Magic
  2056 | Ossuary  | HP: 10/49 [water moccasin zombie (3)]
  2066 | Ossuary  | Reached skill level 2 in Evocations
  2077 | Ossuary  | Reached skill level 3 in Evocations
  2123 | Ossuary  | HP: 11/49 [mummy (16)]
  2136 | Ossuary  | HP: 15/73 [mummy (6)]
  2141 | Ossuary  | HP: 14/73 [mummy (1)]
  2158 | Ossuary  | Reached skill level 4 in Spellcasting
  2258 | D:5      | Reached XP level 7. HP: 15/55 MP: 11/13
  2546 | D:5      | Reached skill level 5 in Spellcasting
  2732 | D:6      | Reached skill level 1 in Shields
  2805 | D:6      | Reached skill level 2 in Shields
  2811 | D:6      | Reached skill level 3 in Shields
  2828 | D:6      | Reached skill level 4 in Shields
  2828 | D:6      | Reached XP level 8. HP: 33/62 MP: 0/15
  2950 | D:6      | Reached skill level 1 in Armour
  2951 | D:6      | Reached skill level 1 in Fighting
  3031 | D:6      | Reached skill level 1 in Transmutations
  3280 | D:6      | HP: 3/64 [orc priest/divine providence (14)]
  3289 | D:6      | Reached skill level 2 in Transmutations
  3371 | D:7      | Noticed Menkaure
  3380 | D:7      | Killed Menkaure
  3380 | D:7      | Reached skill level 3 in Transmutations
  3398 | D:7      | Found a runed gate.
  3399 | D:7      | Found a runed gate.
  3400 | D:7      | Found a runed gate.
  3402 | D:7      | Noticed coffeespoons's ghost (novice TrMo)
  3403 | D:7      | Noticed Amnesiac's ghost (novice DgTm)
  3452 | D:7      | Reached skill level 4 in Transmutations
  3588 | D:7      | Found a stormy altar of Qazlal.
  3597 | D:7      | Noticed Dowan
  3598 | D:7      | Noticed Duvessa
  3610 | D:7      | HP: 11/64 [Duvessa/short sword (6)]
  3611 | D:7      | Killed Duvessa
  3611 | D:7      | Reached skill level 3 in Stealth
  3611 | D:7      | Killed Dowan
  3690 | D:7      | Noticed Pikel
  3726 | D:7      | HP: 7/64 [acid (4)]
  3781 | D:6      | Reached skill level 4 in Stealth
  3836 | D:7      | Reached skill level 9 in Earth Magic
  3836 | D:7      | Gained mutation: You passively map the area around you.
                  | [Deep Dwarf growth]
  3836 | D:7      | Reached XP level 9. HP: 30/70 MP: 7/16
  3850 | D:7      | Found a white marble altar of Elyvilon.
  3901 | D:7      | Found a staircase to the Ecumenical Temple.
  3958 | D:7      | Killed Pikel
  3958 | D:7      | Reached skill level 6 in Stealth
  3975 | Temple   | Entered the Ecumenical Temple
  3986 | Temple   | Became a worshipper of Makhleb the Destroyer
  4034 | D:7      | Noticed Harold
  4060 | D:7      | Killed Harold
  4060 | D:7      | Reached skill level 7 in Stealth
  4060 | D:7      | Reached skill level 10 in Earth Magic
  4363 | D:8      | Reached skill level 8 in Stealth
  4392 | D:8      | Reached skill level 11 in Earth Magic
  4404 | D:7      | Noticed a rust devil
  4404 | D:7      | Noticed a rust devil
  4404 | D:7      | HP: 12/70 [orc warrior/glaive (17)]
  4404 | D:7      | HP: 3/70 [rust devil (9)]
  4408 | D:7      | Slain by an orc warrior

Vault maps used:
D:1:      eino_arrival_cavern_a
D:2:      uniq_terence
D:3:      first_ration, roderic_roman_lattice, minmay_misc_feat_rugged,
          minmay_gold_behind_fungi, uniq_natasha
D:5:      cheibrodos_thug_alley, enter_ossuary_3
D:7:      cheibrodos_iron_armory, lemuel_doored_altar,
          minmay_temple_entry_glass, basic_altar, gammafunk_ghost_cemetery,
          uniq_menkaure, uniq_harold, uniq_duvessa, uniq_pikel
D:8:      minivault_11
Temple:   compressed_dpeg_circular_temple
Ossuary:  ossuary_tomb_2

Skill      XL: |  1  2  3  4  5  6  7  8  9 |
---------------+----------------------------+-----
Spellcasting   | 2 3 4 5 |  5.2
Earth Magic    | 5 6 7 8 9 11 | 11.1
Evocations     | 3 |  3.1
Shields        | 4 |  4.1
Armour         | 1 |  1.5
Fighting       | 1 |  1.1
Transmutations | 4 |  4.5
Stealth        | 4 8 |  8.3
Dodging        | |  2.1

Action                   |  1- 3 |  4- 6 |  7- 9 || total
-------------------------+-------+-------+-------++-------
Melee: Short sword       |    15 |       |       ||    15
       Dagger            |     4 |   186 |    58 ||   248
       Hand axe          |       |       |     2 ||     2
       Whip              |       |       |     6 ||     6
 Cast: Sandblast         |    25 |    68 |   117 ||   210
       Passwall          |       |     9 |    25 ||    34
       Petrify           |       |       |     5 ||     5
 Abil: Heal Wounds       |       |     2 |     4 ||     6
Evoke: Wand              |       |    18 |     2 ||    20
  Use: Scroll            |     2 |     9 |     4 ||    15
       Potion            |     1 |     7 |     4 ||    12
 Stab: Sleeping          |     4 |     4 |     5 ||    13
       Distracted        |       |       |     1 ||     1
       Petrified         |       |       |    20 ||    20
  Eat: Chunk             |       |     4 |     2 ||     6
       Ration            |       |       |     2 ||     2
Armor: Robe              |    10 |    69 |     8 ||    87
       Skin              |       |     9 |       ||     9
       Leather armour    |       |       |     4 ||     4
Dodge: Dodged            |    20 |   105 |    46 ||   171
Block: Buckler           |       |       |    12 ||    12

Table legend:
 A = Non-vault XP
 B = Vault XP
 C = Vault XP percentage of total XP
 D = Non-vault monster count
 E = Vault monster count
 F = Vault count percentage of total count
                 A         B        C        D         E       F
            +---------+---------+-------+---------+---------+-------
      Total |    2193 |    2617 |  54.4 |      89 |      51 |  36.4
            +---------+---------+-------+---------+---------+-------
        D:1 |       6 |       0 |   0.0 |       4 |       0 |   0.0
        D:2 |      93 |      36 |  27.9 |      22 |       1 |   4.3
        D:3 |      77 |      35 |  31.2 |       6 |       1 |  14.3
        D:4 |       4 |       0 |   0.0 |       3 |       0 |   0.0
        D:5 |     312 |     157 |  33.5 |      11 |      12 |  52.2
        D:6 |     911 |       0 |   0.0 |      29 |       0 |   0.0
        D:7 |     465 |    2018 |  81.3 |      11 |       5 |  31.2
        D:8 |     325 |       0 |   0.0 |       3 |       0 |   0.0
    Ossuary |       0 |     371 | 100.0 |       0 |      32 | 100.0
            +---------+---------+-------+---------+---------+-------

Vault maps used:
D:1:      eino_arrival_cavern_a
D:2:      uniq_terence
D:3:      first_ration, roderic_roman_lattice, minmay_misc_feat_rugged,
          minmay_gold_behind_fungi, uniq_natasha
D:5:      cheibrodos_thug_alley, enter_ossuary_3
D:7:      cheibrodos_iron_armory, lemuel_doored_altar,
          minmay_temple_entry_glass, basic_altar, gammafunk_ghost_cemetery,
          uniq_menkaure, uniq_harold, uniq_duvessa, uniq_pikel
D:8:      minivault_11
Temple:   compressed_dpeg_circular_temple
Ossuary:  ossuary_tomb_2

Table legend:
 A = Turns spent in this place as a percentage of turns spent in the entire game.
 B = Non-inter-level travel turns spent in this place as a percentage of non-inter-level travel turns spent in the entire game.
 C = Inter-level travel turns spent in this place as a percentage of turns spent in this place.
 D = Turns resting spent in this place as a percentage of non-inter-level travel turns spent in this place.
 E = Turns spent auto-exploring this place as a percentage of non-inter-level travel turns spent in this place.
 F = Non-inter-level travel turns spent in this place divided by the number of levels of this place that you've seen.
                   A       B       C       D       E      F
               +-------+-------+-------+-------+-------+----------------------
         Total | 100.0 | 100.0 |   0.5 |   0.3 |   0.0 | 438.7
       Dungeon |  91.7 |  91.7 |   0.5 |   0.0 |   0.0 | 502.8
        Temple |   0.5 |   0.5 |   0.0 |   0.0 |   0.0 |  23.0
       Ossuary |   7.8 |   7.8 |   0.0 |   3.2 |   0.0 | 342.0
               +-------+-------+-------+-------+-------+----------------------

Table legend:
 A = Kills in this place as a percentage of kills in entire the game.
 B = Kills by you in this place as a percentage of kills by you in the entire game.
 C = Kills by friends in this place as a percentage of kills by friends in the entire game.
 D = Other kills in this place as a percentage of other kills in the entire game.
 E = Experience gained in this place as a percentage of experience gained in the entire game.
 F = Experience gained in this place divided by the number of levels of this place that you have seen.
                   A       B       C       D       E      F
               +-------+-------+-------+-------+-------+----------------------
         Total | 100.0 | 100.0 |   N/A |   N/A | 100.0 | 481.0
       Dungeon |  77.1 |  77.1 |   N/A |   N/A |  92.3 | 554.9
       Ossuary |  22.9 |  22.9 |   N/A |   N/A |   7.7 | 371.0
               +-------+-------+-------+-------+-------+----------------------
